 Dungeon Crawl Stone Soup version 0.25.1-2-g60ff931df9 (webtiles) character file.

Game seed: 10866533689636215024

6295 sankara the Grappler (level 10, -9/110 HPs)
             Began as an Ogre Transmuter on Sept 8, 2020.
             Was an Initiate of Gozag.
             Mangled by a yak (17 damage)
             ... on level 8 of the Dungeon.
             The game lasted 00:36:48 (10769 turns).

sankara the Grappler (Ogre Transmuter)             Turns: 10769, Time: 00:36:49

Health: -9/110     AC:  2    Str: 16    XL:     10   Next: 94%
Magic:  16/17      EV: 21    Int: 14    God:    Gozag
Gold:   598        SH:  0    Dex: 17    Spells: 13/19 levels left

rFire    . . .     SeeInvis .     - Unarmed
rCold    . . .     Gourm    .   (shield currently unavailable)
rNeg     . . .     Faith    .   (armour currently unavailable)
rPois    x         Spirit   .   (helmet currently unavailable)
rElec    .         Reflect  .   (cloak currently unavailable)
rCorr    +         Harm     .   (gloves unavailable)
MR       +....                  (boots unavailable)
Stlth    ++........             E - amulet of regeneration
HPRegen  0.68/turn              k - +4 ring of slaying
MPRegen  0.15/turn              M - ring of resist corrosion

@: spider-form, gold aura
A: tiny, unfitting armour
a: End Transformation, Potion Petition, Call Merchant, Bribe Branch, Renounce
Religion


You were on level 8 of the Dungeon.
You worshipped Gozag.
Gozag was pleased with you.
You were not hungry.
You were a venomous arachnid creature.
You visited 3 branches of the dungeon, and saw 10 of its levels.
You also visited: Sewer.

You collected 694 gold pieces.
You paid 96 gold pieces to Gozag.

Inventory:

Hand Weapons
 b - a +0 hunting sling
Missiles
 a - 87 arrows
 i - 282 stones (quivered)
 p - 62 sling bullets
 y - 17 boomerangs
 F - 15 poisoned darts
 J - 2 curare-tipped darts
 L - 4 javelins
 N - 2 throwing nets
Armour
 C - a +2 robe of magic resistance (melded)
 K - a +0 cloak (melded)
 P - a +0 kite shield
 Q - +0 swamp dragon scales
 S - a +2 robe of cold resistance
Jewellery
 k - a +4 ring of slaying (left front leg)
 l - an uncursed amulet of faith
 m - an uncursed ring of fire
 n - an uncursed ring of stealth
 o - an uncursed ring of ice
 r - an uncursed ring of attention
 v - an uncursed ring of stealth
 w - an uncursed amulet of reflection
 E - an amulet of regeneration (around neck)
 M - a ring of resist corrosion (right front leg)
Wands
 D - a wand of paralysis (8)
 G - a wand of digging (6)
 T - a wand of iceblast (9)
Scrolls
 f - 13 scrolls of identify
 h - 3 scrolls of teleportation
 j - 3 scrolls of fear
 q - 2 scrolls of enchant weapon {unknown}
 u - 5 scrolls of magic mapping
 I - a scroll of holy word {unknown}
 O - 2 scrolls of remove curse
 R - a scroll of fog {unknown}
Potions
 c - 2 potions of might {unknown}
 e - 3 potions of heal wounds
 g - 3 potions of cancellation {unknown}
 s - 3 potions of berserk rage {unknown}
 t - 5 potions of magic {unknown}
 x - 2 potions of flight {unknown}
 z - 2 potions of brilliance {unknown}
 A - 2 potions of curing {unknown}
 B - 2 potions of stabbing {unknown}
 H - 4 potions of mutation {unknown}
Comestibles
 d - 14 rations


   Skills:
 - Level 10.0 Fighting
 - Level 3.0 Dodging
 + Level 10.1 Unarmed Combat
 * Level 5.1 Spellcasting
 - Level 7.0 Transmutations
 - Level 3.0 Poison Magic


You had 13 spell levels left.
You knew the following spells:

 Your Spells              Type           Power        Failure   Level  Hunger
a - Beastly Appendage     Tmut           ###...       5%          1    None
b - Sticks to Snakes      Tmut           ###.....     7%          2    ##.....
c - Spider Form           Tmut/Pois      ###.......   19%         3    ###....

Your spell library contained the following spells:

 Spells                   Type           Power        Failure   Level  Hunger
 Corona                   Hex            #......      36%         1    None
 Slow                     Hex            #.......     47%         2    ##.....
 Blade Hands              Tmut           ###.......   47%         5    ######.
 Ice Form                 Ice/Tmut       ##......     61%         4    ####...
 Inner Flame              Hex/Fire       #.......     67%         3    ###....
 Portal Projectile        Hex/Tloc       #.....       67%         3    ###....
 Cause Fear               Hex            #.........   95%         4    ####...
 Leda's Liquefaction      Hex/Erth       #.........   95%         4    ####...


Dungeon Overview and Level Annotations

Branches:
Dungeon (8/15)             Temple (1/1) D:7            Lair (1/6) D:8
  Sewer (visited)

Altars:
Ashenzari
Cheibriados
Dithmenos
Elyvilon
Fedhas
Gozag
Hepliaklqana
Kikubaaqudgha
Makhleb
Nemelex Xobeh
Okawaru
Qazlal
Ru
Sif Muna
Trog
Uskayaw
Vehumet
Wu Jian
Xom
Yredelemnul
Zin
The Shining One


Innate Abilities, Weirdness & Mutations

You are too large for most types of armour.
((You have tough skin. (AC +1)))


Message History

The yak bellows!
The yak is no longer distracted by gold.
The yak gores you but does no damage. The yak completely misses you. x2
The yak gores you!
You climb upwards.
Welcome back to the Dungeon!
There is a staircase to the Lair here.
Unknown command.
You are too injured to fight recklessly!
You maul the yak!!
The yak looks as sick as possible!
The yak is severely wounded.
The yak barely misses you. The yak misses you. The yak completely misses you.
You bite the yak!
The yak looks as sick as possible!
The yak is almost dead.
The yak gores you!!
* * * LOW HITPOINT WARNING * * *
The yak gores you!
* * * LOW HITPOINT WARNING * * *
The yak gores you!
You die...
Your body crumbles into a pile of gold.

#.#####.#####........#.....#....
#.##.......##......###..........
#.##.).....##...................
#.##)..[...##..............#....
#...[.._.............##....##...
####.......##.........##..#.....
#.......##....##...#...##...#
#.......##.YY##.........##...
####.#####YYs#.....#...##....
#.#####.###........##.....
#.......###..#.#....#.....
#########....###...##.....
##..## ##.##...... ####
#####.#### ### #


You could see 4 yaks.

Vanquished Creatures
  Harold (D:8)
  Pikel (D:5)
  Maggie (D:8)
  A hornet (D:8)
  Sigmund (D:4)
  5 yaks
  A slave (D:4)
  6 orc warriors
  A water moccasin (Lair:1)
  2 sky beasts
  2 phantoms (D:7)
  An ogre (D:4)
  Blork the orc (D:4)
  A bullfrog (D:6)
  2 big kobolds (Sewer)
  A gnoll sergeant (D:8)
  2 scorpions
  13 wights
  A howler monkey (D:7)
  3 crimson imps
  A centaur zombie (D:6)
  A bullfrog zombie (D:5)
  A bullfrog skeleton (D:4)
  4 hounds
  3 jellies
  Crazy Yiuf (D:7)
  A centaur skeleton (D:7)
  6 orc priests
  13 orc wizards
  4 iguanas
  6 worker ants
  A hound skeleton (D:7)
  A worker ant zombie (D:7)
  9 adders
  8 gnolls
  A river rat (D:3)
  5 oozes (Sewer)
  An adder zombie (D:6)
  3 adder skeletons
  7 worms
  4 dart slugs
  A leopard gecko (D:2)
  47 orcs
  6 giant cockroaches
  10 goblins
  5 hobgoblins
  6 jackals
  5 kobolds
  5 quokkas
  6 ball pythons
  9 bats
  6 frilled lizards
  A jackal zombie (D:6)
  12 rats
247 creatures vanquished.

Vanquished Creatures (others)
  2 slaves (D:5)
  A phantom (D:5)
  2 ogres (D:5)
  A bullfrog skeleton (D:5)
  A quokka zombie (D:5)
7 creatures vanquished.

Grand Total: 254 creatures vanquished

Notes
Turn   | Place    | Note
-------+----------+-------------------------------------------
     0 | D:1      | sankara the Ogre Transmuter began the quest for the Orb.
     0 | D:1      | Reached XP level 1. HP: 19/19 MP: 3/3
   485 | D:1      | Reached XP level 2. HP: 28/28 MP: 3/5
   935 | D:1      | Learned a level 2 spell: Sticks to Snakes
  1129 | D:2      | Reached XP level 3. HP: 35/35 MP: 4/6
  1136 | D:2      | Learned a level 3 spell: Spider Form
  1775 | D:2      | Reached XP level 4. HP: 44/44 MP: 4/7
  2147 | D:3      | Reached skill level 1 in Poison Magic
  2147 | D:3      | Reached XP level 5. HP: 36/52 MP: 4/8
  2418 | D:3      | Found a glowing drain.
  2440 | Sewer    | Entered a sewer
  2685 | Sewer    | Noticed a big kobold
  2692 | Sewer    | Killed a big kobold
  2692 | Sewer    | Reached XP level 6. HP: 61/61 MP: 2/9
  3231 | D:3      | Reached XP level 7. HP: 50/70 MP: 7/10
  3735 | D:3      | Reached skill level 5 in Unarmed Combat
  4185 | D:4      | Noticed Blork the orc
  4193 | D:4      | Killed Blork the orc
  4626 | D:4      | Noticed Sigmund
  4638 | D:4      | Killed Sigmund
  4638 | D:4      | Reached skill level 5 in Fighting
  4638 | D:4      | Reached XP level 8. HP: 78/80 MP: 8/11
  5089 | D:4      | Paralysed by an orc priest for 5 turns
  5094 | D:4      | HP: 3/81 [orc/+2 vorpal hand axe (3)]
  5103 | D:4      | Paralysed by an orc priest for 7 turns
  5953 | D:5      | Entered Level 5 of the Dungeon
  5953 | D:5      | Noticed Pikel
  5978 | D:5      | HP: 4/83 [Pikel/+0 whip of electrocution (18)]
  5979 | D:5      | HP: 1/83 [slave[Pikel] (4)]
  5981 | D:5      | Killed Pikel
  5981 | D:5      | Reached XP level 9. HP: 15/92 MP: 12/12
  6918 | D:5      | Reached skill level 5 in Transmutations
  8786 | D:7      | Found a staircase to the Ecumenical Temple.
  9069 | D:7      | Reached XP level 10. HP: 106/106 MP: 11/13
  9110 | Temple   | Entered the Ecumenical Temple
  9384 | Temple   | Became a worshipper of Gozag Ym Sagoz the Greedy
  9569 | D:7      | Found a runed translucent door.
  9570 | D:7      | Noticed Crazy Yiuf
  9577 | D:7      | Killed Crazy Yiuf
  9879 | D:8      | Noticed Harold
  9895 | D:8      | Killed Harold
 10122 | D:8      | Noticed Maggie
 10136 | D:8      | Killed Maggie
 10232 | D:8      | Found an iron altar of Okawaru.
 10308 | D:8      | Found a staircase to the Lair.
 10424 | D:8      | Reached skill level 10 in Unarmed Combat
 10747 | Lair:1   | Entered Level 1 of the Lair of Beasts
 10765 | Lair:1   | Reached skill level 10 in Fighting
 10765 | Lair:1   | Reached skill level 5 in Spellcasting
 10769 | D:8      | Mangled by a yak

Illustrated notes

Levels and vault maps discovered:
D:1:      kilobyte_arrival_exit_the_forest, layout_rooms
D:2:      layout_rooms, interstate_on_off, minmay_tromino_i2
D:3:      layout_basic, first_ration, portal_sewer_entry_b
D:4:      layout_loops_corners, kennysheep_boxes, uniq_blork_the_orc,
          uniq_sigmund
D:5:      layout_basic, minmay_misc_feat_square, minmay_pentangle, uniq_pikel
D:6:      layout_basic
D:7:      layout_loops_ring, minmay_temple_entry_sparse_star,
          uniq_crazy_yiuf_cottage
D:8:      layout_cave_pools, nicolae_overflow_crystal_walls, lair_entry_dummy,
          uniq_harold, uniq_maggie
Temple:   regret_index_temple_sigil_plot
Lair:1:   layout_gridlike, serial_bayou_shore_b, grunt_megastairs_5

Skill      XL: |  1  2  3  4  5  6  7  8  9 10 |
---------------+-------------------------------+-----
Unarmed Combat | 3 4 5 7 8 10 | 10.1
Dodging        | 2 3 |  3.0
Fighting       | 2 3 4 5 6 8 10 | 10.0
Transmutations | 2 3 4 6 7 |  7.0
Poison Magic   | 1 2 3 |  3.0
Spellcasting   | 5 |  5.1

Action                   |  1- 3 |  4- 6 |  7- 9 | 10-12 || total
-------------------------+-------+-------+-------+-------++-------
Melee: Unarmed           |    90 |   123 |   331 |   140 ||   684
       Kick              |     9 |     7 |     8 |       ||    24
       Punch             |     1 |     2 |     4 |       ||     7
       Headbutt          |     4 |     1 |     5 |       ||    10
Throw: Stone             |     3 |    10 |     4 |       ||    17
 Cast: Beastly Appendage |    21 |    15 |    16 |     1 ||    53
       Spider Form       |       |     9 |    45 |    13 ||    67
  Use: Potion            |       |       |     4 |       ||     4
       Scroll            |       |       |     9 |       ||     9
 Stab: Sleeping          |       |       |     8 |       ||     8
  Eat: Chunk             |     3 |     7 |    21 |     1 ||    32
       Ration            |       |       |     1 |     2 ||     3
Armor: Robe              |    40 |     3 |    15 |     1 ||    59
       Skin              |       |     3 |    11 |     4 ||    18
Dodge: Dodged            |    54 |    80 |   189 |   119 ||   442
Block: Other             |       |       |    25 |       ||    25
       Reflection        |       |       |     1 |       ||     1
